 Dungeon Crawl Stone Soup version 0.20.1-1-g8b1a95d66d (webtiles) character file.

70 Jannitor the Ducker (level 4, -5/24 HPs)
             Began as a Spriggan Abyssal Knight on Sept 5, 2018.
             Was a Follower of Lugonu.
             Slain by an ancient zyme (14 damage)
             ... on level 4 of the Abyss.
             The game lasted 00:02:07 (280 turns).

Jannitor the Ducker (Spriggan Abyssal Knight)        Turns: 280, Time: 00:02:08

Health: -5/24      AC:  2    Str:  9    XL:     4   Next: 3%
Magic:  6/6        EV: 19    Int: 13    God:    Lugonu [*.....]
Gold:   14         SH:  0    Dex: 15    Spells: 3/3 levels left

rFire    . . .     SeeInvis +   h - +7 spear "Iwnyrchum" {holy, rPois rC+ MR+}
rCold    + . .     Gourm    .   (shield restricted)
rNeg     . . .     Faith    .   b - +0 robe
rPois    +         Spirit   .   (helmet restricted)
rElec    .         Reflect  .   (no cloak)
rCorr    .         Harm     .   (gloves unavailable)
MR       +....                  (boots unavailable)
Stlth    +.........             (no amulet)
Regen    0.1/turn               (no ring)
MPRegen  0.1/turn               (no ring)

@: hasted (expiring), very quick
A: unfitting armour, see invisible, herbivore 3, speed 3, slow metabolism 2
a: Depart the Abyss, Renounce Religion


You were on level 4 of the Abyss.
You worshipped Lugonu.
Lugonu was aware of your devotion.
You were not hungry.

You visited 0 branches of the dungeon, and saw 0 of its levels.
You visited the Abyss 1 time.

You collected 14 gold pieces.

Inventory:

Hand Weapons
 a - a +1 short sword
 h - the +7 spear "Iwnyrchum" (weapon) {holy, rPois rC+ MR+}
   (You found it on level 3 of the Abyss)

   It has been blessed by the Shining One to cause great damage to the undead
   and demons.
   It protects you from cold.
   It protects you from poison.
   It affects your resistance to hostile enchantments.
Armour
 b - a +0 robe (worn)
Scrolls
 e - a scroll of teleportation
 g - a scroll of random uselessness {unknown}
 i - a scroll of identify
 j - a scroll of magic mapping {unknown}
Comestibles
 c - a bread ration


   Skills:
 + Level 3.2 Fighting
 + Level 2.9 Short Blades
 + Level 0.4 Polearms
 + Level 4.3 Dodging
 + Level 2.1 Invocations


You had 3 spell levels left.
You didn't know any spells.

Dungeon Overview and Level Annotations

Branches:
Dungeon (0/15)

Altars:


Innate Abilities, Weirdness & Mutations

You are very small and have problems with some larger weapons.
You are too small for most types of armour.
You have supernaturally acute eyesight. (SInv)
You are a herbivore.
You cover ground extremely quickly.
You need consume almost no food.


Message History

Found 37 gold pieces.
Your extra speed is starting to run out.
Found 49 gold pieces.
You feel yourself growing ill in the presence of the ancient zyme.
Found 23 gold pieces.
An ancient zyme comes into view.
A ghoul comes into view.
You float gracefully downwards.
Found a brown potion and 28 gold pieces.
An ancient zyme, a large abomination and 2 ghouls come into view.
The ancient zyme moves out of view.
Found a golden ring.
Found 3 gold pieces.
A shadow demon comes into view.
The shadow demon gives a loud, deep croak!
A shadow demon comes into view.
The shadow demon croaks.
You hear a horrible gurgling sound! x2
The ancient zyme completely misses you. The ancient zyme hits you!
Ouch! That really hurt!
You die...

...# . ...#
##.$.. # #
#.#.#####
....#≈.###### #
#..$2.#....#
##.#!##.#x.# #
#≈2x@.#..#.# .
K.# #..#..n...#
.# #K# #
#####n#.###
#... .K. #
#...X.$.###∩...
#. ##
#.#..#.... .$.#
# K...#
#..#.##......#
#..#..
##...###....#.
. ##### .#####
.......# #...##
### ##...#####


You could see 2 ghouls, 2 shadow demons, an ancient zyme and a large
abomination.

Vanquished Creatures
  A big kobold (Abyss:4)
1 creature vanquished.

Notes
Turn   | Place    | Note
-------+----------+-------------------------------------------
     0 | Abyss:1  | Jannitor the Spriggan Abyssal Knight began the quest for the Orb.
     0 | Abyss:1  | Reached XP level 1. HP: 11/11 MP: 3/3
    75 | Abyss:3  | Noticed a kobold demonologist
    89 | Abyss:3  | Got a dazzling spear
    90 | Abyss:3  | Identified the +7 spear "Iwnyrchum" {holy, rPois rC+ MR+} (You found it on level 3 of the Abyss)
   105 | Abyss:3  | Noticed a starcursed mass
   115 | Abyss:3  | Noticed a lich
   155 | Abyss:3  | Noticed a neqoxec
   157 | Abyss:3  | Noticed a demonic crawler
   168 | Abyss:3  | Noticed a large abomination
   173 | Abyss:3  | Noticed an ice dragon skeleton
   181 | Abyss:3  | Noticed a wight
   185 | Abyss:3  | Noticed a neqoxec
   205 | Abyss:3  | Noticed a wretched star
   214 | Abyss:4  | Found a corrupted altar of Lugonu.
   214 | Abyss:4  | Noticed a large abomination
   225 | Abyss:4  | Found a corrupted altar of Lugonu.
   225 | Abyss:4  | Noticed a big kobold
   225 | Abyss:4  | Noticed a big kobold
   225 | Abyss:4  | Noticed a big kobold
   225 | Abyss:4  | Noticed a big kobold
   225 | Abyss:4  | Noticed a big kobold
   225 | Abyss:4  | Noticed a big kobold
   225 | Abyss:4  | Noticed a big kobold
   225 | Abyss:4  | Noticed a big kobold
   249 | Abyss:4  | Killed a big kobold
   249 | Abyss:4  | Reached skill level 4 in Dodging
   249 | Abyss:4  | Reached XP level 2. HP: 5/16 MP: 4/4
   249 | Abyss:4  | Reached XP level 3. HP: 6/20 MP: 5/5
   249 | Abyss:4  | Reached XP level 4. HP: 8/24 MP: 6/6
   274 | Abyss:4  | Noticed an ancient zyme
   274 | Abyss:4  | Noticed a ghoul
   275 | Abyss:4  | Noticed an ancient zyme
   275 | Abyss:4  | Noticed a ghoul
   275 | Abyss:4  | Noticed a large abomination
   275 | Abyss:4  | Noticed a ghoul
   279 | Abyss:4  | Noticed a shadow demon
   280 | Abyss:4  | Noticed a shadow demon
   280 | Abyss:4  | Slain by an ancient zyme

Skill      XL: |  1 |
---------------+----+-----
Fighting       | 3 |  3.2
Dodging        | 4 |  4.3
Invocations    | 2 |  2.1
Short Blades   | |  2.9
Polearms       | |  0.4

Action                   |  1- 3 |  4- 6 || total
-------------------------+-------+-------++-------
Melee: Spear             |    14 |     1 ||    15
  Use: Potion            |     2 |       ||     2
       Scroll            |     1 |       ||     1
Dodge: Dodged            |     6 |     1 ||     7
